 Dungeon Crawl Stone Soup version 0.28-a0-503-g83f2989fac (webtiles) character file.

Game seed: 2461772095396592962

3 siradein the Covered (level 1, -1/14 HPs)
             Began as a Gargoyle Fighter on Sept 20, 2021.
             Slain by a rat (2 damage)
             ... on level 1 of the Dungeon.
             The game lasted 00:00:12 (107 turns).

siradein the Covered (Gargoyle Fighter)              Turns: 107, Time: 00:00:13

Health: -1/14      AC:  9    Str: 19    XL:     1   Next: 50%
Magic:  1/1        EV:  9    Int:  8    God:
Gold:   4          SH:  4    Dex:  9    Spells: 0/0 levels left

rFire   . . .      SeeInvis .   a - +0 flail
rCold   . . .      Faith    .   c - +0 buckler
rNeg    + . .      Spirit   .   b - +0 scale mail
rPois   ∞          Reflect  .   (no helmet)
rElec   +          Harm     .   (no cloak)
rCorr   .          Rampage  .   (no gloves)
Will    .....                   (no boots)
Stlth   ..........              (no amulet)
HPRegen 0.04/turn               (no ring)
MPRegen 0.07/turn               (no ring)

@: no status effects
A: sickness immunity, AC +2, negative energy resistance 1, electricity
resistance, torment resistance 1, petrification resistance
a: no special abilities


You were on level 1 of the Dungeon.
You visited 1 branch of the dungeon, and saw 1 of its levels.

You collected 4 gold pieces.

Inventory:

Hand Weapons
 a - a +0 flail (weapon)
Armour
 b - a +0 scale mail (worn)
 c - a +0 buckler (worn)
Potions
 d - a potion of might


   Skills:
 + Level 3.3 Fighting
 + Level 2.1 Maces & Flails
 + Level 3.3 Armour
 + Level 3.3 Shields


You couldn't memorise any spells.
You didn't know any spells.
Your spell library was empty.

Dungeon Overview and Level Annotations

Branches:
Dungeon (1/15)

Altars:


Innate Abilities, Weirdness & Mutations

You are immune to sickness and miasma.
Your stone body is resilient. (AC +2)
You are immune to poison.
You resist negative energy. (rN+)
You are resistant to electric shocks. (rElec)
You are resistant to unholy torment.
You are immune to petrification.


Message History

HP restored.
You now have 4 gold pieces.
A goblin and a kobold come into view.
The goblin shouts!
The kobold shouts!
There are monsters nearby!
There are monsters nearby!
There are monsters nearby!
The goblin closely misses you. The kobold hits you with a +0 whip.
You closely miss the kobold.
A kobold comes into view. It is wielding a +0 whip.
A rat comes into view.
The kobold barely misses you. The goblin closely misses you.
You closely miss the kobold.
The kobold shouts!
The goblin barely misses you. You block the kobold's attack.
You closely miss the kobold. The goblin closely misses you.
The kobold hits you with a +0 whip.
You hit the kobold.
You kill the kobold!
The goblin hits you but does no damage. x2
You barely miss the rat. The rat bites you but does no damage.
The goblin hits you but does no damage. The rat bites you.
You closely miss the goblin. The goblin closely misses you.
The goblin hits you but does no damage.
You closely miss the goblin. The goblin hits you with a +0 club.
You barely miss the goblin. The goblin hits you but does no damage.
You miss the goblin. The goblin hits you but does no damage.
You closely miss the goblin. You block the goblin's attack.
The goblin hits you but does no damage.
You closely miss the goblin. The goblin hits you but does no damage.
Your scale mail prevents you from hitting the goblin.
The goblin hits you but does no damage.
Your scale mail prevents you from hitting the goblin.
The goblin hits you with a +0 club.
* * * LOW HITPOINT WARNING * * *
The goblin closely misses you.
You hit the goblin.
You kill the goblin!
You hit the rat but do no damage. The rat barely misses you. The rat bites you.
You die...

..## ###.<#
....## ###....#
#.....#+#.....##
#...........##
#.......###
...##. ###...###
.....### ##'##
.......# #..#
#.....# #@##
#.....####r#
#.........K# #.
#..........#
#.###...).....#
......†......##
.........###.#
.........###.#
.............##


You could see a kobold and a rat.

Vanquished Creatures
  A goblin (D:1)
  A kobold (D:1)
  A ball python (D:1)
3 creatures vanquished.

Notes
Turn   | Place    | Note
-------+----------+-------------------------------------------
     0 | D:1      | siradein the Gargoyle Fighter began the quest for the Orb.
     0 | D:1      | Reached XP level 1. HP: 14/14 MP: 1/1
   107 | D:1      | Slain by a rat

Illustrated notes

Levels and vault maps discovered:
D:1:      evilmike_arrival_crescent, layout_basic,
          ebering_ecumenical_altar_petrified, minmay_pentomino_u4

Action                   || total
-------------------------++-------
Melee: Flail             ||    21
Armor: Scale mail        ||    13
Dodge: Dodged            ||    11
Block: Buckler           ||     4

Table legend: (Time is in decaauts)
 A = Elapsed time spent in this place.
 B = Non-inter-level travel time spent in this place.
 C = Inter-level travel time spent in this place.
 D = Time resting spent in this place.
 E = Time spent auto-exploring this place.
 F = Levels seen in this place.
 G = Mean time per level.
                   A        B        C        D        E       F      G
               +--------+--------+--------+--------+--------+-----+--------+
         Total |    113 |    113 |      0 |      0 |     68 |   1 |  113.0 |
       Dungeon |    113 |    113 |      0 |      0 |     68 |   1 |  113.0 |
               +--------+--------+--------+--------+--------+-----+--------+

Top non-repeatable levels by time:
     D:1: 113 daAuts
